Workbook

Sheet Отчет
A2: Отчет об исполнении бюджета города Степногорска
A3: на 1 октября 2026 года
G4: тыс.тенге
A5: КБК | B5: Наименование | C5: факт 01.10.2023 г. | D5: факт 01.10.2024 г. | E5: факт 01.10.2025 г. | F5: 2026 год
F6: план на 01.10.26 г. | G6: исполнение на 01.10.26 г.
A8: 1 | B8: 2 | C8: 3 | D8: 4 | E8: 5 | F8: 6 | G8: 7
B9: ПОСТУПЛЕНИЯ | C9: =C10+C45+C51+C43 -> 14330290 | D9: =D10+D45+D51+D43 -> 16827373 | E9: =E10+E45+E51+E43 -> 13900097 | F9: =F10+F45+F51+F43 -> 21495153 | G9: =G10+G45+G51+G43 -> 20915599
B10: I. ДОХОДЫ | C10: =C11+C18 -> 14165875 | D10: =D11+D18 -> 16754042 | E10: =E11+E18 -> 13894592 | F10: =F11+F18 -> 18728437 | G10: =G11+G18 -> 18740334
B11: НАЛОГИ И ПЛАТЕЖИ | C11: =C12+C14+C16 -> 6549075.9 | D11: =D12+D14+D16 -> 7996372.7 | E11: =E12+E14+E16 -> 7801442.6 | F11: =F12+F14+F16 -> 11481471 | G11: =G12+G14+G16 -> 11493368
B12: НАЛОГОВЫЕ ПОСТУПЛЕНИЯ | C12: =C13 -> 6471138.2 | D12: =D13 -> 7919108.5 | E12: =E13 -> 7681445.3 | F12: =F13 -> 11400577 | G12: =G13 -> 11301944
A13: 1 | B13: Налоговые поступления | C13: 6471138.2 | D13: 7919108.5 | E13: 7681445.3 | F13: 11400577 | G13: 11301944
B14: НЕНАЛОГОВЫЕ ПОСТУПЛЕНИЯ | C14: =C15 -> 39625.7 | D14: =D15 -> 38253.6 | E14: =E15 -> 68806.2 | F14: =F15 -> 40954.2 | G14: =G15 -> 35094.8
A15: 2 | B15: Неналоговые поступления | C15: 39625.7 | D15: 38253.6 | E15: 68806.2 | F15: 40954.2 | G15: 35094.8
B16: ПОСТУПЛЕНИЯ ОТ ПРОДАЖИ ОСНОВНОГО КАПИТАЛА | C16: =C17 -> 38312 | D16: =D17 -> 39010.6 | E16: =E17 -> 51191.1 | F16: =F17 -> 39939.8 | G16: =G17 -> 156328.9
A17: 3 | B17: Поступления от продажи основного капитала | C17: 38312 | D17: 39010.6 | E17: 51191.1 | F17: 39939.8 | G17: 156328.9
B18: ПОСТУПЛЕНИЯ ТРАНСФЕРТОВ | C18: =C19 -> 7616798.8 | D18: =D19 -> 8757669.1 | E18: =E19 -> 6093149.1 | F18: =F19 -> 7246965.8 | G18: =G19 -> 7246965.7
A19: 4 | B19: Поступления трансфертов | C19: 7616798.8 | D19: 8757669.1 | E19: 6093149.1 | F19: 7246965.8 | G19: 7246965.7
B20: РАСХОДЫ | C20: =C21+C37+C54 -> 13155380 | D20: =D21+D37+D54 -> 15987703 | E20: =E21+E37+E54 -> 13497895 | F20: =F21+F37+F54 -> 21513444 | G20: =G21+G37+G54 -> 20458358
B21: II. ЗАТРАТЫ | C21: =SUM(C22:C35) -> 13081166 | D21: =SUM(D22:D35) -> 15035584 | E21: =SUM(E22:E35) -> 12775856 | F21: =SUM(F22:F35) -> 18746727 | G21: =SUM(G22:G35) -> 18666686
A22: 01 | B22: Государственные услуги общего характера | C22: 3616092.8 | D22: 4251541 | E22: 5051492.6 | F22: 1137668.1 | G22: 1136420.3
A23: 02 | B23: Оборона | C23: 145027.5 | D23: 18029.8 | E23: 29940.2 | F23: 32788.7 | G23: 32786.9
A24: 03 | B24: Общественный порядок, безопасность, правовая, судебная, уголовно-исполнительная деятельность | C24: 32449.4 | D24: 28460.4 | E24: 94987.1 | F24: 20300.7 | G24: 20300.6
A25: 04 | B25: Образование
A26: 06 | B26: Социальная помощь и социальное обеспечение | C26: 610832.3 | D26: 640127.3 | E26: 736685.5 | F26: 817268.7 | G26: 817262.2
A27: 07 | B27: Жилищно-коммунальное хозяйство | C27: 2636859 | D27: 3152841.1 | E27: 1455312.4 | F27: 6920251.6 | G27: 6841527.8
A28: 08 | B28: Культура, спорт, туризм и информационное пространство | C28: 1070000.5 | D28: 2965057.8 | E28: 2292987.8 | F28: 1278663.4 | G28: 1278652.8
A29: 09 | B29: Топливно-энергетический комплекс и недропользование | D29: 150000 | E29: 208713.6 | F29: 1318760 | G29: 1318760
A30: 10 | B30: Сельское, водное, лесное, рыбное хозяйство, особо охраняемые природные территории, охрана окружающей среды и животного мира, земельные отношения | C30: 44398.6 | D30: 80456.5 | E30: 75087.3 | F30: 71258.5 | G30: 71257.7
A31: 11 | B31: Промышленность, архитектурная, градостроительная и строительная деятельность | C31: 28441.5 | D31: 36733.2 | E31: 81530.8 | F31: 402867.5 | G31: 402820.9
A32: 12 | B32: Транспорт и коммуникации | C32: 1851127.3 | D32: 937057.9 | E32: 854331.6 | F32: 978945 | G32: 978943.8
A33: 13 | B33: Прочие | C33: 915353.9 | D33: 501479.7 | E33: 195173.5 | F33: 34317.9 | G33: 34317.2
A34: 14 | B34: Обслуживание долга | C34: 21097.6 | D34: 18964.5 | E34: 17414.1 | F34: 17057.7 | G34: 17056.8
A35: 15 | B35: Трансферты | C35: 2109485.8 | D35: 2254835.3 | E35: 1682199.2 | F35: 5716579.1 | G35: 5716579.1
B36: III. ЧИСТОЕ БЮДЖЕТНОЕ КРЕДИТОВАНИЕ | C36: =C37-C42 -> 6172.9 | D36: =D37-D42 -> -72186.6 | E36: =E37-E42 -> -5288.2 | F36: =F37-F42 -> 1563046 | G36: =G37-G42 -> 1181642.2
B37: БЮДЖЕТНЫЕ КРЕДИТЫ | C37: =C38+C39+C40+C41 -> 10294 | D37: =D38+D39+D40+D41 -> 0 | E37: =E38+E39+E40+E41 -> 0 | F37: =F38+F39+F40+F41 -> 2164881.3 | G37: =G38+G39+G40+G41 -> 1189836.8
A38: 06 | B38: Социальная помощь и социальное обеспечение
A39: 07 | B39: Жилищно-коммунальное хозяйство | F39: 2148288.3 | G39: 1173243.8
A40: 10 | B40: Сельское, водное, лесное, рыбное хозяйство, особо охраняемые природные территории, охрана окружающей среды и животного мира, земельные отношения | C40: 10294 | F40: 16593 | G40: 16593
A41: 13 | B41: Прочие
B42: ПОГАШЕНИЕ БЮДЖЕТНЫХ КРЕДИТОВ | C42: =C43 -> 4121.1 | D42: =D43 -> 72186.6 | E42: =E43 -> 5288.2 | F42: =F43 -> 601835.3 | G42: =G43 -> 8194.6
A43: 5 | B43: Погашение бюджетных кредитов | C43: 4121.1 | D43: 72186.6 | E43: 5288.2 | F43: 601835.3 | G43: 8194.6
B44: IV. САЛЬДО ПО ОПЕРАЦИЯМ С ФИНАНСОВЫМИ АКТИВАМИ | C44: =C47-C45 -> 0 | D44: =D47-D45 -> -1145 | E44: =E47-E45 -> 182246.7 | F44: =F47-F45 -> 0 | G44: =G47-G45 -> -2189.4
B45: ПОСТУПЛЕНИЯ ОТ ПРОДАЖИ ФИНАНСОВЫХ АКТИВОВ ГОСУДАРСТВА | C45: =C46 -> 0 | D45: =D46 -> 1145 | E45: =E46 -> 217.3 | F45: =F46 -> 0 | G45: =G46 -> 2189.4
A46: 6 | B46: Поступления от продажи финансовых активов государства | C46: 0 | D46: 1145 | E46: 217.3 | F46: 0 | G46: 2189.4
B47: ПРИОБРЕТЕНИЕ ФИНАНСОВЫХ АКТИВОВ | C47: =C48 -> 0 | D47: =D48 -> 0 | E47: =E48 -> 182464 | F47: =F48 -> 0 | G47: =G48 -> 0
A48: 13 | B48: Прочие | E48: 182464
B49: V. ДЕФИЦИТ (ПРОФИЦИТ) БЮДЖЕТА | C49: =C10-C21-C36-C44 -> 1078535.6 | D49: =D10-D21-D36-D44 -> 1791788.9 | E49: =E10-E21-E36-E44 -> 941777.5 | F49: =F10-F21-F36-F44 -> -1581336.3 | G49: =G10-G21-G36-G44 -> -1105805.1
B50: VI. ФИНАНСИРОВАНИЕ ДЕФИЦИТА (ИСПОЛЬЗОВАНИЕ ПРОФИЦИТА) БЮДЖЕТА | C50: =C51-C53+C55 -> -1078535.6 | D50: =D51-D53+D55 -> -1791788.9 | E50: =E51-E53+E55 -> -941777.6 | F50: =F51-F53+F55 -> 1581336.3 | G50: =G51-G53+G55 -> 1105805
B51: ПОСТУПЛЕНИЕ ЗАЙМОВ | C51: =C52 -> 160294 | D51: =D52 -> 0 | E51: =E52 -> 0 | F51: =F52 -> 2164881.3 | G51: =G52 -> 2164881.3
A52: 7 | B52: Поступления займов | C52: 160294 | F52: 2164881.3 | G52: 2164881.3
B53: ПОГАШЕНИЕ ЗАЙМОВ | C53: =C54 -> 63919.9 | D53: =D54 -> 952118.9 | E53: =E54 -> 722039.2 | F53: =F54 -> 601835.3 | G53: =G54 -> 601835.3
A54: 16 | B54: Погашение займов | C54: 63919.9 | D54: 952118.9 | E54: 722039.2 | F54: 601835.3 | G54: 601835.3
B55: ИСПОЛЬЗУЕМЫЕ ОСТАТКИ БЮДЖЕТНЫХ СРЕДСТВ | C55: =C57-C58 -> -1174909.7 | D55: =D57-D58 -> -839670 | E55: =E57-E58 -> -219738.4 | F55: =F57-F58 -> 18290.3 | G55: =G57-G58 -> -457241
B56: Справочно: Остатки бюджетных средств
B57: Остатки бюджетных средств на начало финансового года | C57: 304607.7 | D57: 376714.2 | E57: 62942.2 | F57: 18290.3 | G57: 36815.7
B58: Остатки бюджетных средств на конец отчетного периода | C58: 1479517.4 | D58: 1216384.2 | E58: 282680.6 | G58: 494056.7

Sheet Отчет каз
A2: Степногорск қаласы бюджетінің атқарылуы туралы есеп
A3: 1 қазан 2026 жылға
G4: мың теңге
A5: КБК | B5: Атауы | C5: нақты 01.10.2023 г. | D5: нақты 01.10.2024 г. | E5: нақты 01.10.2025 г. | F5: 2026 ж
F6: 01.10.26 жылға жоспар | G6: 01.10.26 ж. орындау
A8: 1 | B8: 2 | C8: 3 | D8: 4 | E8: 5 | F8: 6 | G8: 7
B9: ТҮСКЕН | C9: =C10+C45+C51+C43 -> 14330290 | D9: =D10+D45+D51+D43 -> 16827373 | E9: =E10+E45+E51+E43 -> 13900097 | F9: =F10+F45+F51+F43 -> 21495153 | G9: =G10+G45+G51+G43 -> 20915599
B10: I. КІРІСТЕР | C10: =C11+C18 -> 14165875 | D10: =D11+D18 -> 16754042 | E10: =E11+E18 -> 13894592 | F10: =F11+F18 -> 18728437 | G10: =G11+G18 -> 18740334
B11: САЛЫҚТАР МЕН ТӨЛЕМДЕР | C11: =C12+C14+C16 -> 6549075.9 | D11: =D12+D14+D16 -> 7996372.7 | E11: =E12+E14+E16 -> 7801442.6 | F11: =F12+F14+F16 -> 11481471 | G11: =G12+G14+G16 -> 11493368
B12: САЛЫҚТЫҚ ТҮСІМДЕР | C12: =C13 -> 6471138.2 | D12: =D13 -> 7919108.5 | E12: =E13 -> 7681445.3 | F12: =F13 -> 11400577 | G12: =G13 -> 11301944
A13: 1 | B13: Салықтық түсімдер | C13: =Отчет!C13 -> 6471138.2 | D13: =Отчет!D13 -> 7919108.5 | E13: =Отчет!E13 -> 7681445.3 | F13: =Отчет!F13 -> 11400577 | G13: =Отчет!G13 -> 11301944
B14: САЛЫҚТЫҚ ЕМЕС ТҮСІМДЕР | C14: =C15 -> 39625.7 | D14: =D15 -> 38253.6 | E14: =E15 -> 68806.2 | F14: =F15 -> 40954.2 | G14: =G15 -> 35094.8
A15: 2 | B15: Салықтық емес түсімдер | C15: =Отчет!C15 -> 39625.7 | D15: =Отчет!D15 -> 38253.6 | E15: =Отчет!E15 -> 68806.2 | F15: =Отчет!F15 -> 40954.2 | G15: =Отчет!G15 -> 35094.8
B16: НЕГІЗГІ КАПИТАЛДЫ САТУДАН ТҮСКЕН ТҮСІМДЕР | C16: =C17 -> 38312 | D16: =D17 -> 39010.6 | E16: =E17 -> 51191.1 | F16: =F17 -> 39939.8 | G16: =G17 -> 156328.9
A17: 3 | B17: Негізгі капиталды сатудан түскен түсімдер | C17: =Отчет!C17 -> 38312 | D17: =Отчет!D17 -> 39010.6 | E17: =Отчет!E17 -> 51191.1 | F17: =Отчет!F17 -> 39939.8 | G17: =Отчет!G17 -> 156328.9
B18: ТРАНСФЕРТТЕР ТҮСІМДЕРІ | C18: =C19 -> 7616798.8 | D18: =D19 -> 8757669.1 | E18: =E19 -> 6093149.1 | F18: =F19 -> 7246965.8 | G18: =G19 -> 7246965.7
A19: 4 | B19: Трансферттер түсімдері | C19: =Отчет!C19 -> 7616798.8 | D19: =Отчет!D19 -> 8757669.1 | E19: =Отчет!E19 -> 6093149.1 | F19: =Отчет!F19 -> 7246965.8 | G19: =Отчет!G19 -> 7246965.7
B20: ШЫҒЫСТАР | C20: =C21+C37+C54 -> 13155380 | D20: =D21+D37+D54 -> 15987703 | E20: =E21+E37+E54 -> 13497895 | F20: =F21+F37+F54 -> 21513444 | G20: =G21+G37+G54 -> 20458358
B21: II. ШЫҒЫНДАР | C21: =SUM(C22:C35) -> 13081166 | D21: =SUM(D22:D35) -> 15035584 | E21: =SUM(E22:E35) -> 12775856 | F21: =SUM(F22:F35) -> 18746727 | G21: =SUM(G22:G35) -> 18666686
A22: 01 | B22: Жалпы сипаттағы мемлекеттік қызметтер | C22: =Отчет!C22 -> 3616092.8 | D22: =Отчет!D22 -> 4251541 | E22: =Отчет!E22 -> 5051492.6 | F22: =Отчет!F22 -> 1137668.1 | G22: =Отчет!G22 -> 1136420.3
A23: 02 | B23: Қорғаныс | C23: =Отчет!C23 -> 145027.5 | D23: =Отчет!D23 -> 18029.8 | E23: =Отчет!E23 -> 29940.2 | F23: =Отчет!F23 -> 32788.7 | G23: =Отчет!G23 -> 32786.9
A24: 03 | B24: Қоғамдық тәртіп, қауіпсіздік, құқықтық, сот, қылмыстық-атқару қызметі | C24: =Отчет!C24 -> 32449.4 | D24: =Отчет!D24 -> 28460.4 | E24: =Отчет!E24 -> 94987.1 | F24: =Отчет!F24 -> 20300.7 | G24: =Отчет!G24 -> 20300.6
A25: 04 | B25: Білім | C25: =Отчет!C25 -> 0 | D25: =Отчет!D25 -> 0 | E25: =Отчет!E25 -> 0 | F25: =Отчет!F25 -> 0 | G25: =Отчет!G25 -> 0
A26: 06 | B26: Әлеуметтік көмек және әлеуметтік қамтамасыз ету | C26: =Отчет!C26 -> 610832.3 | D26: =Отчет!D26 -> 640127.3 | E26: =Отчет!E26 -> 736685.5 | F26: =Отчет!F26 -> 817268.7 | G26: =Отчет!G26 -> 817262.2
A27: 07 | B27: Тұрғын үй-коммуналдық шаруашылық | C27: =Отчет!C27 -> 2636859 | D27: =Отчет!D27 -> 3152841.1 | E27: =Отчет!E27 -> 1455312.4 | F27: =Отчет!F27 -> 6920251.6 | G27: =Отчет!G27 -> 6841527.8
A28: 08 | B28: Мәдениет, спорт, туризм және ақпараттық кеңістік | C28: =Отчет!C28 -> 1070000.5 | D28: =Отчет!D28 -> 2965057.8 | E28: =Отчет!E28 -> 2292987.8 | F28: =Отчет!F28 -> 1278663.4 | G28: =Отчет!G28 -> 1278652.8
A29: 09 | B29: Отын-энергетика кешені және жер қойнауын | C29: =Отчет!C29 -> 0 | D29: =Отчет!D29 -> 150000 | E29: =Отчет!E29 -> 208713.6 | F29: =Отчет!F29 -> 1318760 | G29: =Отчет!G29 -> 1318760
A30: 10 | B30: Ауыл, су, орман, балық шаруашылығы, ерекше қорғалатын табиғи аумақтар, қоршаған ортаны және жануарлар дүниесін қорғау, жер қатынастары | C30: =Отчет!C30 -> 44398.6 | D30: =Отчет!D30 -> 80456.5 | E30: =Отчет!E30 -> 75087.3 | F30: =Отчет!F30 -> 71258.5 | G30: =Отчет!G30 -> 71257.7
A31: 11 | B31: Өнеркәсіп, сәулет, қала құрылысы және құрылыс қызметі | C31: =Отчет!C31 -> 28441.5 | D31: =Отчет!D31 -> 36733.2 | E31: =Отчет!E31 -> 81530.8 | F31: =Отчет!F31 -> 402867.5 | G31: =Отчет!G31 -> 402820.9
A32: 12 | B32: Көлік және коммуникация | C32: =Отчет!C32 -> 1851127.3 | D32: =Отчет!D32 -> 937057.9 | E32: =Отчет!E32 -> 854331.6 | F32: =Отчет!F32 -> 978945 | G32: =Отчет!G32 -> 978943.8
A33: 13 | B33: Өзге де | C33: =Отчет!C33 -> 915353.9 | D33: =Отчет!D33 -> 501479.7 | E33: =Отчет!E33 -> 195173.5 | F33: =Отчет!F33 -> 34317.9 | G33: =Отчет!G33 -> 34317.2
... A35: 15 | B35: Трансферттер | C35: =Отчет!C35 -> 2109485.8 | D35: =Отчет!D35 -> 2254835.3 | E35: =Отчет!E35 -> 1682199.2 | F35: =Отчет!F35 -> 5716579.1 | G35: =Отчет!G35 -> 5716579.1
B36: III. ТАЗА БЮДЖЕТТІК КРЕДИТ БЕРУ | C36: =C37-C42 -> 6172.9 | D36: =D37-D42 -> -72186.6 | E36: =E37-E42 -> -5288.2 | F36: =F37-F42 -> 1563046 | G36: =G37-G42 -> 1181642.2
B37: БЮДЖЕТТІК КРЕДИТТЕР | C37: =C39+C40+C41 -> 10294 | D37: =D39+D40+D41 -> 0 | E37: =E39+E40+E41 -> 0 | F37: =F38+F39+F40+F41 -> 2164881.3 | G37: =G38+G39+G40+G41 -> 1189836.8
A38: 06 | B38: Әлеуметтік көмек және әлеуметтік қамтамасыз ету | F38: =Отчет!F38 -> 0 | G38: =Отчет!G38 -> 0
A39: 07 | B39: Тұрғын үй-коммуналдық шаруашылық | C39: =Отчет!C39 -> 0 | D39: =Отчет!D39 -> 0 | E39: =Отчет!E39 -> 0 | F39: =Отчет!F39 -> 2148288.3 | G39: =Отчет!G39 -> 1173243.8
A40: 10 | B40: Ауыл, су, орман, балық шаруашылығы, ерекше қорғалатын табиғи аумақтар, қоршаған ортаны және жануарлар дүниесін қорғау, жер қатынастары | C40: =Отчет!C40 -> 10294 | D40: =Отчет!D40 -> 0 | E40: =Отчет!E40 -> 0 | F40: =Отчет!F40 -> 16593 | G40: =Отчет!G40 -> 16593
A41: 13 | B41: Өзге де | C41: =Отчет!C41 -> 0 | D41: =Отчет!D41 -> 0 | E41: =Отчет!E41 -> 0 | F41: =Отчет!F41 -> 0 | G41: =Отчет!G41 -> 0
B42: БЮДЖЕТТІК КРЕДИТТЕРДІ ӨТЕУ | C42: =C43 -> 4121.1 | D42: =D43 -> 72186.6 | E42: =E43 -> 5288.2 | F42: =F43 -> 601835.3 | G42: =G43 -> 8194.6
A43: 5 | B43: Бюджеттік кредиттерді өтеу | C43: =Отчет!C43 -> 4121.1 | D43: =Отчет!D43 -> 72186.6 | E43: =Отчет!E43 -> 5288.2 | F43: =Отчет!F43 -> 601835.3 | G43: =Отчет!G43 -> 8194.6
B44: IV. ОПЕРАЦИЯЛАР БОЙЫНША САЛЬДО ҚАРЖЫ АКТИВТЕРІН | C44: 0 | D44: 0 | E44: 35.9 | F44: =F45+F47 -> 0 | G44: =G45+G47 -> 2189.4
B45: САТУДАН ТҮСЕТІН ТҮСІМДЕР МЕМЛЕКЕТТІҢ ҚАРЖЫ АКТИВТЕРІН | C45: =C46 -> 0 | D45: =D46 -> 1145 | E45: =E46 -> 217.3 | F45: =F46 -> 0 | G45: =G46 -> 2189.4
A46: 6 | B46: Сатудан түсетін түсімдер мемлекеттің қаржы активтерін | C46: =Отчет!C46 -> 0 | D46: =Отчет!D46 -> 1145 | E46: =Отчет!E46 -> 217.3 | F46: =Отчет!F46 -> 0 | G46: =Отчет!G46 -> 2189.4
B47: ҚАРЖЫ АКТИВТЕРІН САТЫП АЛУ | C47: =C48 -> 0 | D47: =D48 -> 0 | E47: =E48 -> 182464 | F47: =F48 -> 0 | G47: =G48 -> 0
A48: 13 | B48: Өзге де | C48: =Отчет!C48 -> 0 | D48: =Отчет!D48 -> 0 | E48: =Отчет!E48 -> 182464 | F48: =Отчет!F48 -> 0 | G48: =Отчет!G48 -> 0
B49: V. бюджет ТАПШЫЛЫҒЫ (ПРОФИЦИТІ) | C49: =Отчет!C49 -> 1078535.6 | D49: =Отчет!D49 -> 1791788.9 | E49: =Отчет!E49 -> 941777.5 | F49: =Отчет!F49 -> -1581336.3 | G49: =Отчет!G49 -> -1105805.1
B50: VI. БЮДЖЕТ ТАПШЫЛЫҒЫН ҚАРЖЫЛАНДЫРУ (ПРОФИЦИТІН ПАЙДАЛАНУ) | C50: =Отчет!C50 -> -1078535.6 | D50: =Отчет!D50 -> -1791788.9 | E50: =Отчет!E50 -> -941777.6 | F50: =Отчет!F50 -> 1581336.3 | G50: =Отчет!G50 -> 1105805
B51: ҚАРЫЗДАРДЫҢ ТҮСІМІ | C51: =C52 -> 160294 | D51: =D52 -> 0 | E51: =E52 -> 0 | F51: =F52 -> 2164881.3 | G51: =G52 -> 2164881.3
A52: 7 | B52: Түскен қарыздар | C52: =Отчет!C52 -> 160294 | D52: =Отчет!D52 -> 0 | E52: =Отчет!E52 -> 0 | F52: =Отчет!F52 -> 2164881.3 | G52: =Отчет!G52 -> 2164881.3
B53: ҚАРЫЗДАРДЫ ӨТЕУ | C53: =C54 -> 63919.9 | D53: =D54 -> 952118.9 | E53: =E54 -> 722039.2 | F53: =F54 -> 601835.3 | G53: =G54 -> 601835.3
A54: 16 | B54: Қарыздарды өтеу | C54: =Отчет!C54 -> 63919.9 | D54: =Отчет!D54 -> 952118.9 | E54: =Отчет!E54 -> 722039.2 | F54: =Отчет!F54 -> 601835.3 | G54: =Отчет!G54 -> 601835.3
B55: БЮДЖЕТ ҚАРАЖАТЫНЫҢ ПАЙДАЛАНЫЛАТЫН ҚАЛДЫҚТАРЫ | C55: =C57-C58 -> -1174909.7 | D55: =D57-D58 -> -839670 | E55: =E57-E58 -> -219738.4 | F55: =F57-F58 -> 18290.3 | G55: =G57-G58 -> -457241
B56: Анықтама: Бюджет қаражатының қалдықтары
B57: Бюджет қаражатының қалдықтары-қаржы жылының басындағы | C57: =Отчет!C57 -> 304607.7 | D57: =Отчет!D57 -> 376714.2 | E57: =Отчет!E57 -> 62942.2 | F57: =Отчет!F57 -> 18290.3 | G57: =Отчет!G57 -> 36815.7
B58: Бюджет қаражатының қалдықтары есепті кезеңнің соңындағы | C58: =Отчет!C58 -> 1479517.4 | D58: =Отчет!D58 -> 1216384.2 | E58: =Отчет!E58 -> 282680.6 | F58: =Отчет!F58 -> 0 | G58: =Отчет!G58 -> 494056.7
